 Dungeon Crawl Stone Soup version 0.27.1-33-g824d729ab1 (webtiles) character file.

Game seed: 16322396154226669173

9387 Garessta the Bewitcher (level 11, 0/64 HPs)
             Began as a Vampire Enchanter on Dec 9, 2021.
             Was a Follower of Ashenzari.
             Killed by divine providence
             ... invoked by a meliai
              (12 damage)
             ... on level 10 of the Dungeon.
             The game lasted 00:50:57 (11674 turns).

Garessta the Bewitcher (Vampire Enchanter)         Turns: 11674, Time: 00:50:57

Health: 0/64       AC: 14    Str:  7    XL:     11   Next: 22%
Magic:  10/14      EV: 13    Int: 18    God:    Ashenzari [*.....]
Gold:   383        SH:  0    Dex: 18    Spells: 2/14 levels left

rFire    + . .     SeeInvis +   a - +4 dagger (speed)
rCold    + + +     Faith    .   (no shield)
rNeg     + + +     Spirit   .   b - +0 robe "Share My Jealousy" {Range, Evo} (curse)
rPois    ∞         Reflect  .   s - +1 helmet of Fortitude {rElec rF+ Regen+}
rElec    +         Harm     .   E - +2 cloak {Will+}
rCorr    .         Rampage  .   j - +2 pair of gloves of Ashenzari's Oracle {Melee, Range} (curse)
Will     ++...                  (no boots)
Stlth    ++++++++..             (no amulet)
HPRegen  0.00/turn              t - ring of protection from cold
MPRegen  0.14/turn              c - +4 ring of protection

@: bloodless, inhibited regen
A: bloodless, fangs 3, see invisible, vampiric 2
a: Bat Form, Revivify, Renounce Religion, Shatter the Chains


You were on level 10 of the Dungeon.
You worshipped Ashenzari.
Ashenzari was aware of your devotion.
You visited 2 branches of the dungeon, and saw 11 of its levels.
You also visited: Sewer and Bailey.

You collected 383 gold pieces.

Inventory:

Hand Weapons
 a - a +4 dagger of speed (weapon)
 f - a +0 rapier
Missiles
 l - 4 throwing nets
Armour
 b - the cursed +0 robe "Share My Jealousy" (worn) {Range, Evo}

   It has a curse which improves the following skills: Ranged Combat: Slings,
   Bows, Crossbows and Throwing.
   Evocations: Evocations.
 j - the cursed +2 pair of gloves of Ashenzari's Oracle (worn) {Melee, Range}
   (You found it on level 2 of the Dungeon)

   It has a curse which improves the following skills: Melee Combat: Short
   Blades, Long Blades, Axes, Maces & Flails, Polearms, Staves and Unarmed
   Combat.
   Ranged Combat: Slings, Bows, Crossbows and Throwing.
 s - the +1 helmet of Fortitude (worn) {rElec rF+ Regen+}
   (You found it on level 6 of the Dungeon)

   rF:        It protects you from fire.
   rElec:     It insulates you from electricity.
   Regen:     It increases your rate of health regeneration.
 u - a scarf of resistance
 E - a +2 cloak of willpower (worn)
Jewellery
 c - a +4 ring of protection (right hand)
 t - a ring of protection from cold (left hand)
Wands
 k - a wand of mindburst (8)
 o - a wand of acid (6)
 p - a wand of flame (10)
 r - a wand of paralysis (11)
 w - a wand of digging (8)
 A - a wand of iceblast (12)
 C - a wand of polymorph (9)
Scrolls
 y - a scroll of enchant weapon
 D - a scroll of amnesia
Potions
 d - 2 potions of flight
 e - 3 potions of might
 g - 2 potions of brilliance
 h - a potion of attraction
 i - 2 potions of lignification
 m - 2 potions of magic
 n - a potion of haste
 q - a potion of curing
 v - a potion of mutation
 z - a potion of invisibility
 B - 2 potions of cancellation


   Skills:
 * Level 5.9 Fighting
 * Level 7.4(8.5) Short Blades
 + Level 3.1 Dodging
 + Level 13.3 Stealth
 - Level 2.0 Spellcasting
 + Level 15.3 Hexes
 + Level 3.7 Translocations


You had 2 spell levels left.
You knew the following spells:

 Your Spells              Type           Power      Damage    Failure   Level
a - Corona                Hex            61%        N/A       1%          1
b - Ensorcelled Hibernat  Hex/Ice        58%        N/A       1%          2
c - Confusing Touch       Hex            55%        N/A       1%          3
d - Dazzling Flash        Conj/Hex       58%        N/A       2%          3
e - Lesser Beckoning      Tloc           7%         N/A       12%         3

Your spell library contained the following spells:

 Spells                   Type           Power      Damage    Failure   Level
 Apportation              Tloc           30%        N/A       4%          1
 Animate Skeleton         Necr           2%         N/A       19%         1
 Freeze                   Ice            4%         1d3       19%         1
 Shock                    Conj/Air       4%         1d3       19%         1
 Summon Small Mammal      Summ           4%         N/A       19%         1
 Corpse Rot               Necr/Air       N/A        N/A       26%         2
 Poisonous Vapours        Pois/Air       2%         N/A       26%         2
 Tukima's Dance           Hex            55%        N/A       1%          3
 Gell's Gravitas          Tloc           7%         N/A       12%         3
 Teleport Other           Tloc           15%        N/A       12%         3
 Frozen Ramparts          Ice            2%         1d2       47%         3
 Ignite Poison            Fire/Tmut/Pois 1%         N/A       47%         3
 Mephitic Cloud           Conj/Pois/Air  1%         N/A       47%         3
 Hailstorm                Conj/Ice       1%         3d3       87%         4
 Bolt of Magma            Conj/Fire/Erth 0%         4d4       99%         5
 Freezing Cloud           Conj/Ice/Air   0%         6-21      99%         5


Dungeon Overview and Level Annotations

Branches:
Dungeon (10/15)            Temple (1/1) D:7           Sewer (visited)
 Bailey (visited)
   Lair: D:8-11         Orc: D:9-12

Altars:
Ashenzari
Cheibriados
Dithmenos
Elyvilon
Fedhas
Gozag
Hepliaklqana
Kikubaaqudgha
Makhleb
Nemelex Xobeh
Okawaru
Qazlal
Ru
Sif Muna
Trog
Uskayaw
Vehumet
Wu Jian
Xom
Yredelemnul
Zin
The Shining One

Shops:
D:2 *

Annotations:
D:9 1 runed translucent door, brob1's ghost, journeyman DjFE


Innate Abilities, Weirdness & Mutations

You do not regenerate when monsters are visible.
You are frail without blood (-20% HP).
You can heal yourself when you bite living creatures.
You are immune to poison.
You have razor-sharp teeth.
You have supernaturally acute eyesight. (SInv)
You are afflicted with vampirism and can become a bat while bloodless.


Message History

There is an open door here.
There is an open door here.
The meliai buzzes angrily. x3
You hit the meliai but do no damage. The meliai hits you but does no damage.
The meliai barely misses you. The meliai barely misses you.
The meliai completely misses you.
The meliai invokes the aid of its god against you.
Something smites you!
The meliai calls down the wrath of its god upon you.
Something smites you!
There is an open door here.
The meliai closely misses you.
The meliai stings you but does no damage.
Casting: Ensorcelled Hibernation (safe; 1% risk of failure)
Confirm with . or Enter, or press ? or * to list all spells.
Aiming: Ensorcelled Hibernation (safe; 1% risk of failure)
Press: ? - help, Shift-Dir - straight line, f - meliai
Aim: a meliai, wielding a +0 hand axe and wearing a +0 robe (chance to affect: 58%)
The meliai looks drowsy...
The helpless meliai fails to defend itself.
You perforate the meliai like a sieve!!!!
You kill the meliai!
Casting: Ensorcelled Hibernation (safe; 1% risk of failure)
Confirm with . or Enter, or press ? or * to list all spells.
Aiming: Ensorcelled Hibernation (safe; 1% risk of failure)
Press: ? - help, Shift-Dir - straight line, f - meliai
Aim: a meliai, wielding a +0 broad axe and wearing a +0 leather armour (chance to affect: 58%)
The meliai resists with significant effort.
The meliai hits you but does no damage. The meliai stings you.
The meliai mumbles some strange prayers to its god against you.
Something smites you!
The meliai calls down the wrath of its god upon you.
Something smites you!
* * * LOW HITPOINT WARNING * * *
Okay, then.
You feel better. The meliai closely misses you.
The meliai stings you but does no damage.
The meliai mumbles some strange prayers to its god against you.
Something smites you!
You die...

###.# #....# #.. #...#
####.### ### ##.### #....# #
#..# #.######### #
#####'###### ###'###.....####
#.......^..###...............
#..........#.'........####^##
#..........#.#....(...# .....
#.........yy@#........# .....
#..........###........# .....
#..........# #........# .._..
#..........# #........# .....
############ #........# .....
########.# ..... #.#######
#........ #########


You could see 2 meliai.

Vanquished Creatures
  2 two-headed ogres
  Joseph (D:9)
  Maurice (D:8)
  A kobold demonologist (D:10)
  Maggie (D:6)
  A meliai (D:10)
  A hornet (D:9)
  A troll (D:10)
  Grinder (D:4)
  A shadow (D:9)
  13 yaks
  Eustachio (D:6)
  3 vampire mosquitoes
  5 orc warriors
  2 sky beasts
  A black bear (D:4)
  Purgy (Sewer)
  A hornet zombie (D:8)
  2 necrophages
  2 centaurs
  2 ogres
  A kobold brigand (D:7)
  3 gnoll sergeants
  3 scorpions (D:6)
  A wyvern skeleton (D:7)
  A water moccasin skeleton (D:5)
  4 wights (D:9)
  4 howler monkeys
  A centaur zombie (D:5)
  2 jellies
  5 orc priests
  A gnoll shaman (Bailey)
  6 hounds
  Crazy Yiuf (D:2)
  A centaur skeleton (D:7)
  Ijyb (D:4)
  2 iguanas
  12 orc wizards
  Terence (D:2)
  A killer bee zombie (D:5)
  2 hound zombies (D:5)
  A hound skeleton (D:4)
  16 gnolls
  3 adders (D:3)
  2 shadow imps (D:6)
  A white imp (D:6)
  An adder skeleton (D:5)
  A worm (D:2)
  3 dart slugs
  23 orcs
  5 endoplasms
  5 giant cockroaches
  8 goblins
  7 hobgoblins
  4 jackals (D:1)
  10 kobolds
  3 quokkas
  6 ball pythons
  4 bats
  7 frilled lizards
  A goblin skeleton (D:6)
  3 goblin zombies (D:6)
  2 hobgoblin zombies (D:6)
  2 kobold skeletons (D:6)
  A kobold zombie (D:6)
  An orc zombie (D:6)
217 creatures vanquished.

Vanquished Creatures (collateral kills)
  A gnoll sergeant (Bailey)
  2 gnolls (Bailey)
3 creatures vanquished.

Vanquished Creatures (others)
  11 plants (D:8)
11 creatures vanquished.

Grand Total: 231 creatures vanquished

Notes
Turn   | Place    | Note
-------+----------+-------------------------------------------
     0 | D:1      | Garessta the Vampire Enchanter began the quest for the Orb.
     0 | D:1      | Reached XP level 1. HP: 13/13 MP: 3/3
   526 | D:1      | Found a faded altar of an unknown god.
   539 | D:1      | Reached skill level 5 in Hexes
   539 | D:1      | Reached XP level 2. HP: 19/19 MP: 5/5
   994 | D:2      | Learned a level 2 spell: Ensorcelled Hibernation
  1079 | D:2      | Reached skill level 5 in Stealth
  1108 | D:2      | Noticed Terence
  1174 | D:2      | Found Empenuuxt's Assorted Antiques.
  1375 | D:2      | Killed Terence
  1376 | D:2      | Reached skill level 6 in Hexes
  1376 | D:2      | Gained mutation: You are afflicted with vampirism and can
                  | become a bat while bloodless. [Vampire growth]
  1376 | D:2      | Reached XP level 3. HP: 24/24 MP: 0/6
  1381 | D:2      | Learned a level 3 spell: Confusing Touch
  1908 | D:2      | Found a runed translucent door.
  1909 | D:2      | Noticed Crazy Yiuf
  1916 | D:2      | Killed Crazy Yiuf
  1917 | D:2      | Reached XP level 4. HP: 30/30 MP: 4/7
  2066 | D:3      | Found a glowing drain.
  2088 | D:3      | Reached skill level 7 in Hexes
  2145 | Sewer    | Entered a sewer
  2319 | Sewer    | Noticed Purgy
  2339 | Sewer    | Killed Purgy
  2340 | Sewer    | Reached skill level 8 in Hexes
  2340 | Sewer    | Reached XP level 5. HP: 23/28 MP: 1/8
  3120 | D:3      | Found a basalt altar of Yredelemnul.
  3202 | D:4      | Noticed Ijyb
  3213 | D:4      | Killed Ijyb
  3493 | D:4      | Noticed a black bear
  3501 | D:4      | Killed a black bear
  3502 | D:4      | Reached XP level 6. HP: 31/32 MP: 6/9
  3580 | D:4      | Reached skill level 9 in Hexes
  3631 | D:4      | Noticed Grinder
  3657 | D:4      | Killed Grinder
  3658 | D:4      | Reached XP level 7. HP: 16/36 MP: 8/10
  3982 | D:4      | Reached skill level 10 in Hexes
  4155 | D:5      | Entered Level 5 of the Dungeon
  4527 | D:5      | Reached skill level 11 in Hexes
  4869 | D:5      | Found a burning altar of Makhleb.
  4933 | D:5      | Reached XP level 8. HP: 46/46 MP: 11/11
  5065 | D:6      | Noticed Maggie
  5080 | D:6      | Killed Maggie
  5081 | D:6      | Reached skill level 10 in Stealth
  5081 | D:6      | Reached skill level 12 in Hexes
  5587 | D:6      | Identified the +1 helmet of Fortitude {rElec rF+ Regen+}
  5624 | D:6      | Noticed Eustachio
  5632 | D:6      | Killed Eustachio
  5633 | D:6      | Reached skill level 13 in Hexes
  5688 | D:6      | Found a shimmering blue altar of Sif Muna.
  5716 | D:6      | Found an ancient bone altar of Kikubaaqudgha.
  5726 | D:6      | Found a radiant altar of Vehumet.
  5762 | D:6      | Got Vehumet's Catalogue of Conjuration
  6023 | D:6      | Reached XP level 9. HP: 57/57 MP: 12/12
  6218 | D:6      | Found a sparkling altar of Nemelex Xobeh.
  6426 | D:7      | Reached skill level 14 in Hexes
  6640 | D:7      | Found a staircase to the Ecumenical Temple.
  6683 | Temple   | Entered the Ecumenical Temple
  6995 | Temple   | Learned a level 3 spell: Dazzling Flash
  7029 | Temple   | Became a worshipper of Ashenzari the Shackled
  7375 | D:7      | Learned a level 3 spell: Lesser Beckoning
  7388 | D:7      | Found a bloodstained altar of Trog.
  7901 | D:7      | Reached skill level 1 in Fighting
  8034 | D:8      | Identified the +8 flail of the Wasteland {flame, rPois rF+
                  | Str+2 Int+3}
  8222 | D:8      | Reached skill level 1 in Translocations
  8460 | D:8      | Noticed a two-headed ogre
  8464 | D:8      | Killed a two-headed ogre
  8554 | D:8      | Found a blossoming altar of Fedhas.
  8660 | D:8      | Noticed Maurice
  8671 | D:8      | Killed Maurice
  8754 | D:8      | Reached XP level 10. HP: 70/70 MP: 13/13
  8816 | D:8      | Found an opulent altar of Gozag.
  8816 | D:8      | Found a shimmering altar of Xom.
  8883 | D:9      | Found a flagged portal.
  9028 | Bailey   | Entered a bailey
  9048 | Bailey   | Reached skill level 5 in Short Blades
  9649 | D:9      | Noticed Joseph
  9668 | D:9      | Killed Joseph
  9903 | D:9      | Found a runed translucent door.
  9903 | D:9      | Found a shimmering altar of Xom.
  9903 | D:9      | Noticed brob1's ghost (journeyman DjFE)
  9904 | D:9      | Noticed a +2 long sword of chaos
 10157 | D:9      | Reached skill level 15 in Hexes
 10186 | D:9      | Found a hide-covered altar of Uskayaw.
 10561 | D:9      | Reached skill level 5 in Fighting
 10855 | D:9      | Reached * piety under Ashenzari
 11191 | D:10     | Entered Level 10 of the Dungeon
 11216 | D:10     | Noticed a two-headed ogre
 11241 | D:9      | Reached XP level 11. HP: 80/80 MP: 10/14
 11318 | D:10     | Identified a scroll of acquirement
 11346 | D:10     | Acquired a scarf of resistance
 11398 | D:10     | Noticed a two-headed ogre
 11405 | D:10     | Killed a two-headed ogre
 11583 | D:10     | Noticed a two-headed ogre
 11638 | D:10     | Found a hazy altar of Hepliaklqana.
 11674 | D:10     | Killed from afar by a meliai

Illustrated notes

Levels and vault maps discovered:
D:1:      ncdulo_lavacross, layout_basic, hellmonk_ecumenical_altar_dog_temple,
          minivault_4
D:2:      layout_loops_cross, serial_shops, nicolae_shop_overgrown_old_shop,
          uniq_terence, uniq_crazy_yiuf_cottage
D:3:      layout_loops_ring, lemuel_coloured_pillars_altar,
          gup_sewer_entry_glass
D:4:      layout_rooms, uniq_grinder, uniq_ijyb
D:5:      layout_basic, makhleb_blood_cavern_becter
D:6:      layout_loops_ring, palyth_temple_overflow_mages,
          mainiacjoe_overflow_alcove_4, nicolae_tso_besieged_by_evil,
          uniq_maggie, uniq_eustachio
D:7:      layout_loops_ring, mainiacjoe_overflow_small_starburst,
          minmay_temple_entry_junction
D:8:      layout_basic, fedhas_altar_decomposition,
          gammafunk_temple_overflow_wave, roderic_lattice_a, uniq_maurice
D:9:      layout_loops_corners, mainiacjoe_overflow_24_doors, ebering_ghost_xom,
          enter_bailey_5, uniq_joseph
D:10:     layout_roguey, lemuel_tele_altar
Temple:   jpeg_temple_island

Skill      XL: |  1  2  3  4  5  6  7  8  9 10 11 |
---------------+----------------------------------+-----
Hexes          | 5 6 8 9 11 13 14 15 | 15.3
Stealth        | 5 6 7 8 9 11 12 13 | 13.3
Fighting       | 3 5 |  5.9
Short Blades   | 4 6 7 |  7.4
Translocations | 2 3 |  3.7
Dodging        | 3 |  3.1
Spellcasting   | |  2.0

Action                   |  1- 3 |  4- 6 |  7- 9 | 10-12 || total
-------------------------+-------+-------+-------+-------++-------
Melee: Dagger            |   108 |    97 |   291 |   232 ||   728
       Bite              |    11 |     8 |    26 |    21 ||    66
 Cast: Ensorcelled Hiber |    12 |    18 |    64 |    77 ||   171
       Confusing Touch   |       |     1 |    13 |    14 ||    28
Invok: Curse Item        |       |       |     1 |     1 ||     2
 Abil: Exsanguinate      |       |     1 |       |     1 ||     2
       Revivify          |       |       |     1 |       ||     1
  Use: Scroll            |     2 |     2 |     2 |     4 ||    10
       Potion            |       |       |       |     3 ||     3
 Stab: Sleeping          |     8 |    15 |    52 |    47 ||   122
       Distracted        |       |     1 |     1 |     1 ||     3
       Confused          |       |     1 |    13 |    15 ||    29
Armor: Robe              |    30 |    43 |    83 |    75 ||   231
Dodge: Dodged            |    62 |    57 |   117 |   110 ||   346
